 Dungeon Crawl Stone Soup version 0.30.1-11-g7821555f0a (webtiles) character file.

Game seed: 9084639230498656387

174 porpoise the Firebug (level 5, -3/35 (38) HPs)
             Began as a Draconian Fire Elementalist on Dec 3, 2023.
             Slain by a wight
             ... wielding a +0 great sword
              (13 damage)
             ... on level 6 of the Dungeon.
             The game lasted 00:10:54 (2659 turns).

porpoise the Firebug (Draconian Fire Elementalist)  Turns: 2659, Time: 00:10:55

HP:   -3/35 (38)    AC:  7    Str: 10    XL:     5   Next: 28%
MP:   0/10          EV: 12    Int: 18    God:
Gold: 78            SH:  5    Dex: 11    Spells: 4/10 levels left

rFire   . . .        a - +1 dagger
rCold   . . .        (no shield)
rNeg    . . .        (body armour unavailable)
rPois   .            (helmet restricted)
rElec   .            p - +0 cloak
rCorr   .            e - +0 pair of gloves
SInv    +            (no boots)
Will    .....        q - amulet of reflection
Stlth   ++           i - ring of see invisible
HPRegen 0.25/turn    (no ring)
MPRegen 0.12/turn

%: reflection
@: drained
A: AC +5, unfitting armour, cold-blooded
a: no special abilities


You were on level 6 of the Dungeon.
You visited 2 branches of the dungeon, and saw 5 of its levels.

You collected 78 gold pieces.

Inventory:

Hand Weapons
 a - a +1 dagger (weapon)
Missiles
 f - 8 poisoned darts
 o - 2 boomerangs
Armour
 e - a +0 pair of gloves (worn)
 p - a +0 cloak (worn)
Magical Staves
 h - a staff of cold
 r - a staff of poison
Jewellery
 i - a ring of see invisible (left hand)
 q - an amulet of reflection (around neck)
Scrolls
 g - a scroll of blinking {unknown}
 j - 2 scrolls of teleportation {unknown}
Potions
 b - 2 potions of curing
 d - 2 potions of lignification {unknown}
 m - 3 potions of flight {unknown}
 n - 2 potions of might {unknown}


   Skills:
 - Level 1.7 Dodging
 - Level 1.7 Stealth
 + Level 3.3 Spellcasting
 - Level 3.0 Conjurations
 + Level 4.2 Fire Magic


You had 4 spell levels left.
You knew the following spells:

 Your Spells              Type           Power      Damage    Failure   Level
a - Foxfire               Conj/Fire      64%        2x1d7     3%          1
b - Scorch                Fire           36%        2d6       4%          2
c - Volatile Blastmotes   Fire/Tloc      20%        2d11      21%         3

Your spell library contained the following spells:

 Spells                   Type           Power      Damage    Failure   Level
 Inner Flame              Hex/Fire       10%        N/A       21%         3
 Stone Arrow              Conj/Erth      16%        3d8       26%         3
 Flame Wave               Conj/Fire      16%        2d7       34%         4
 Lehudib's Crystal Spear  Conj/Erth      4%         10d3      100%        8
 Animate Armour           Summ/Erth      Unusable   N/A       N/A         4

Dungeon Overview and Level Annotations

Branches:
Dungeon (6/15)             Temple (1/1) D:6

Altars:
Ashenzari
Cheibriados
Dithmenos
Hepliaklqana
Nemelex Xobeh
Qazlal
Sif Muna
Uskayaw
Wu Jian
Xom
Yredelemnul


Innate Abilities, Weirdness & Mutations

Your plain brown scales are hard. (AC +5)
You cannot fit into any form of body armour.
You are cold-blooded and may be slowed by cold attacks.


Message History

Confirm with . or Enter, or press ? or * to list all spells.
You conjure some foxfire!
The wight hits you but does no damage.
The foxfire hits the wight.
The wight is lightly damaged.
The foxfire hits the wight.
The wight is heavily damaged.
The wight closely misses you.
Casting: Foxfire (safe; 3% risk of failure)
Confirm with . or Enter, or press ? or * to list all spells.
You conjure some foxfire!
The wight barely misses you.
You hit the wight but do no damage.
Your tail-slap misses the wight.
The wight is moderately damaged.
The foxfire hits the wight.
The wight is moderately damaged.
The foxfire hits the wight.
The wight is severely damaged.
The wight hits you from afar with a +0 spear.
You feel drained.
You barely miss the wight. You tail-slap the wight.
The wight is severely damaged.
You block the wight's attack. The wight closely misses you.
You hit the wight but do no damage.
The wight is severely damaged.
The wight closely misses you. The wight barely misses you.
You hit the wight but do no damage.
The wight is severely damaged.
The wight hits you with a +0 great sword.
The wight closely misses you.
You hit the wight but do no damage.
You tail-slap the wight, but do no damage.
The wight is severely damaged.
You block the wight's attack.
The wight hits you from afar with a +0 spear!
You feel drained.
* * * LOW HITPOINT WARNING * * *
Casting: Foxfire (safe; 3% risk of failure)
Confirm with . or Enter, or press ? or * to list all spells.
You conjure some foxfire!
The wight hits you with a +0 great sword!
You die...

#.# #....# #....##
#.# #....# #....##
#.# #....## #......
#.####....(###...###
#....##.....###.##
#.##.##.....###.#
####.#..........#
##v#####..#####
#@z...#......
#v.####...#### #z.#
#...# #.## #...#
#.### ....#
#.).#.#.... ###.# z#
z.


You could see 2 wights.

Vanquished Creatures
  A scorpion (D:6)
  A wight (D:6)
  An adder (D:2)
  A shadow imp (D:6)
  2 dart slugs (D:1)
  5 bats (D:1)
  2 endoplasms (D:1)
  A giant cockroach (D:1)
  5 goblins
  6 hobgoblins
  4 quokkas
  4 ball pythons
  3 frilled lizards
  3 kobolds (D:1)
  4 rats
43 creatures vanquished.

Vanquished Creatures (collateral kills)
  2 foxfires (D:1)
2 creatures vanquished.

Vanquished Creatures (others)
  90 foxfires
90 creatures vanquished.

Grand Total: 135 creatures vanquished

Notes
Turn   | Place    | Note
-------+----------+-------------------------------------------
     0 | D:1      | porpoise the Draconian Fire Elementalist began the quest
                  | for the Orb.
     0 | D:1      | Reached XP level 1. HP: 14/14 MP: 3/3
   166 | D:1      | Reached XP level 2. HP: 17/20 MP: 1/5
   550 | D:1      | Learned a level 2 spell: Scorch
   898 | D:1      | Reached XP level 3. HP: 26/26 MP: 4/6
  1571 | D:2      | Found a faded altar of an unknown god.
  1989 | D:2      | Learned a level 3 spell: Volatile Blastmotes
  2325 | D:3      | You fall into a shaft and drop 3 floors!
  2439 | D:6      | Found a staircase to the Ecumenical Temple.
  2442 | D:6      | Noticed a scorpion
  2445 | Temple   | Entered the Ecumenical Temple
  2464 | D:6      | Killed a scorpion
  2465 | D:6      | Reached skill level 4 in Fire Magic
  2465 | D:6      | Reached XP level 4. HP: 8/33 MP: 3/8
  2567 | D:6      | Noticed a phantom
  2646 | D:6      | Reached XP level 5. HP: 25/38 MP: 3/10
  2659 | D:6      | Slain by a wight

Illustrated notes

Levels and vault maps discovered:
D:1:      dpeg_arrival_lava_temple_mockup, layout_basic, serial_bayou_pond_a,
          minmay_pentomino_r4
D:2:      layout_loops_corners, dilly_ecumenical_altar_fadedgnrine
D:3:      layout_basic, gup_sewer_entry_spiral, ebering_ghost_sewer_f,
          kennysheep_generic_room_11, uniq_jessica
D:6:      layout_basic, minmay_temple_entry_statues_pillars, st_stairs_7
Temple:   minmay_freezing_vapour_temple

Skill      XL: |  1  2  3  4 |
---------------+-------------+-----
Conjurations   | 2 3 |  3.0
Spellcasting   | 3 |  3.3
Fire Magic     | 4 |  4.2
Dodging        | |  1.7
Stealth        | |  1.7

Action                     |  1- 3 |  4- 6 || total
---------------------------+-------+-------++-------
  Melee: Dagger            |    33 |     6 ||    39
         Unarmed           |     1 |       ||     1
         Tailslap          |     6 |     2 ||     8
   Cast: Foxfire           |    54 |     4 ||    58
         Scorch            |     4 |     3 ||     7
    Use: Scroll            |     3 |       ||     3
         Potion            |     2 |       ||     2
 Armour: Skin              |     9 |     1 ||    10
  Dodge: Dodged            |    36 |     9 ||    45
  Block: Other             |     3 |     3 ||     6
